 Dungeon Crawl Stone Soup version 0.31-a0-95-g6fa058ef04 (webtiles) character file.

Game seed: 17404372293178193104

9 Chodeload the Covered (level 2, -3/15 HPs)
             Began as a Deep Elf Wanderer on May 26, 2023.
             Frozen to death by an endoplasm (5 damage)
             ... on level 1 of the Dungeon.
             The game lasted 00:02:47 (288 turns).

Chodeload the Covered (Deep Elf Wanderer)            Turns: 288, Time: 00:02:48

Health: -3/15      AC:  9    Str:  9    XL:     2   Next: 3%
Magic:  5/5        EV:  8    Int: 13    God:
Gold:   40         SH:  6    Dex: 17    Spells: 3/3 levels left

rFire   . . .        a - +0 falchion
rCold   . . .        h - +2 buckler
rNeg    . . .        g - +2 scale mail
rPois   .            (no helmet)
rElec   .            (no cloak)
rCorr   .            (no gloves)
SInv    .            (no boots)
Will    .....        (no amulet)
Stlth   +            (no ring)
HPRegen 0.22/turn    (no ring)
MPRegen 0.09/turn

%: no passive effects
@: no status effects
A: no striking features
a: no special abilities


You were on level 1 of the Dungeon.
You visited 1 branch of the dungeon, and saw 2 of its levels.

You collected 40 gold pieces.

Inventory:

Hand Weapons
 a - a +0 falchion (weapon)
 b - a +0 sling
Missiles
 c - 12 poisoned darts (quivered)
 f - 10 stones
Armour
 g - a +2 scale mail (worn)
 h - a +2 buckler (worn)
Scrolls
 d - a scroll of identify {unknown}
 e - a scroll of vulnerability


   Skills:
 - Level 2.0 Long Blades
 - Level 1.0 Throwing
 - Level 4.1 Armour
 + Level 1.7 Dodging
 - Level 1.2 Stealth
 + Level 0.3 Shields
 + Level 1.1 Spellcasting


You had 3 spell levels left.
You didn't know any spells.
Your spell library contained the following spells:

 Spells                   Type           Power      Damage    Failure   Level
 Call Canine Familiar     Summ           0%         N/A       100%        3
 Portal Projectile        Hex/Tloc       0%         N/A       100%        3
 Leda's Liquefaction      Hex/Erth       0%         N/A       100%        4


Dungeon Overview and Level Annotations

Branches:
Dungeon (2/15)

Altars:


Message History

You have reached level 2!
You start resting.
HP restored.
You open the door.
There is an open door here.
Found 11 gold pieces.
You now have 40 gold pieces (gained 11).
You open the door.
An endoplasm comes into view.
The endoplasm quivers.
You hit the endoplasm.
The endoplasm is heavily wounded.
The endoplasm barely misses you.
You barely miss the endoplasm.
The endoplasm is heavily wounded.
The endoplasm freezes you.
You are frozen.
The endoplasm freezes you.
You are frozen.
You barely miss the endoplasm.
The endoplasm is heavily wounded.
The endoplasm freezes you.
You are frozen.
You barely miss the endoplasm.
The endoplasm is heavily wounded.
The endoplasm hits you but does no damage.
You hit the endoplasm but do no damage.
The endoplasm is heavily wounded.
The endoplasm freezes you.
You are frozen.
The endoplasm freezes you.
You are frozen.
* * * LOW HITPOINT WARNING * * *
You aren't carrying any potions.
Okay, then.
You barely miss the endoplasm.
The endoplasm is heavily wounded.
The endoplasm freezes you.
You are frozen.
You die...

####
#.. #J#
##@##
#8.8#
##.##
##.##
#8.8#
##.##
.#
##.##
.#
#8.8#
.##.
##.####
###
##....


You could see an endoplasm.

Vanquished Creatures
  A bat (D:1)
  An endoplasm (D:1)
  A giant cockroach (D:1)
  A goblin (D:1)
  2 frilled lizards
  A kobold (D:1)
  2 rats
9 creatures vanquished.

Notes
Turn   | Place    | Note
-------+----------+-------------------------------------------
     0 | D:1      | Chodeload the Deep Elf Wanderer began the quest for the
                  | Orb.
     0 | D:1      | Chodeload set off with the following items: a +0 falchion,
                  | a +2 scale mail, 14 poisoned darts, a +0 dagger, a scroll
                  | of vulnerability.
     0 | D:1      | Reached XP level 1. HP: 10/10 MP: 3/3
   215 | D:1      | Reached skill level 1 in Spellcasting
   217 | D:1      | Reached XP level 2. HP: 8/15 MP: 5/5
   288 | D:1      | Frozen to death by an endoplasm

Illustrated notes

Levels and vault maps discovered:
D:1:      minmay_arrival_doors, layout_loops_cross, dk_noncrumbling_2
D:2:      layout_basic

Skill      XL: |  1 |
---------------+----+-----
Long Blades    | 2 |  2.0
Spellcasting   | 1 |  1.1
Throwing       | |  1.0
Armour         | |  4.1
Dodging        | |  1.7
Stealth        | |  1.2
Shields        | |  0.3

Action                     || total
---------------------------++-------
  Melee: Falchion          ||    11
   Fire: Sling             ||    13
  Throw: Dart              ||     5
 Armour: Scale mail        ||     6
  Dodge: Dodged            ||     5
  Block: Buckler           ||     2

Table legend: (Time is in decaauts)
 A = Elapsed time spent in this place.
 B = Non-inter-level travel time spent in this place.
 C = Inter-level travel time spent in this place.
 D = Time resting spent in this place.
 E = Time spent auto-exploring this place.
 F = Levels seen in this place.
 G = Mean time per level.
                   A        B        C        D        E       F      G
               +--------+--------+--------+--------+--------+-----+--------+
         Total |    299 |    284 |     15 |     31 |      0 |   2 |  149.5 |
       Dungeon |    299 |    284 |     15 |     31 |      0 |   2 |  149.5 |
               +--------+--------+--------+--------+--------+-----+--------+

Top non-repeatable levels by time:
     D:1: 276 daAuts
     D:2: 23 daAuts
